 Dungeon Crawl Stone Soup version 0.27.1-4-g1640c2035a (webtiles) character file.

Game seed: 1891294207470725635

357 Descartes the Magician (level 6, -6/32 HPs)
             Began as a Deep Elf Fire Elementalist on Nov 16, 2021.
             Mangled by a river rat (8 damage)
             ... summoned by Eustachio
             ... on level 5 of the Dungeon.
             The game lasted 00:13:09 (4972 turns).

Descartes the Magician (Deep Elf Fire Elementalist) Turns: 4972, Time: 00:13:09

Health: -6/32      AC:  2    Str:  5      XL:     6   Next: 37%
Magic:  14/14      EV: 12    Int: 22      God:
Gold:   178        SH:  0    Dex: 10 (15) Spells: 12/13 levels left

rFire    + . .     SeeInvis .   j - staff of fire
rCold    . . .     Faith    .   (no shield)
rNeg     . . .     Spirit   .   a - +0 robe
rPois    .         Reflect  .   (no helmet)
rElec    .         Harm     .   (no cloak)
rCorr    .         Rampage  .   (no gloves)
Will     .....                  (no boots)
Stlth    ++........             w - amulet of the acrobat
HPRegen  0.10/turn              (no ring)
MPRegen  0.14/turn              (no ring)

@: no status effects
A: no striking features
a: no special abilities


You were on level 5 of the Dungeon.
You visited 1 branch of the dungeon, and saw 5 of its levels.

You collected 178 gold pieces.

Inventory:

Hand Weapons
 g - a +0 dagger
 k - a +3 dagger
Missiles
 b - 139 stones
 d - 11 poisoned darts
 h - 52 arrows
Armour
 a - a +0 robe (worn)
Magical Staves
 j - a staff of fire (weapon)
Jewellery
 o - a ring of ice
 w - an amulet of the acrobat (around neck)
Wands
 B - a wand of iceblast (9)
Scrolls
 c - 4 scrolls of identify {unknown}
 e - a scroll of amnesia {unknown}
 f - 2 scrolls of silence {unknown}
 i - 2 scrolls of summoning {unknown}
 l - a scroll of holy word {unknown}
 m - 2 scrolls of fog {unknown}
 r - a scroll of fear {unknown}
 t - 2 scrolls of enchant weapon {unknown}
 u - a scroll of teleportation {unknown}
 x - a scroll of enchant armour {unknown}
 y - a scroll of vulnerability {unknown}
 C - a scroll of acquirement {unknown}
 D - a scroll of immolation {unknown}
Potions
 n - a potion of resistance {unknown}
 p - a potion of haste {unknown}
 q - a potion of heal wounds {unknown}
 s - a potion of flight {unknown}
 v - a potion of berserk rage {unknown}
 z - a potion of mutation {unknown}
 A - a potion of magic


   Skills:
 + Level 3.9 Dodging
 + Level 4.0 Stealth
 + Level 4.3 Spellcasting
 + Level 2.9 Conjurations
 + Level 4.2 Fire Magic
 + Level 1.9 Earth Magic
 + Level 2.4 Poison Magic


You had 12 spell levels left.
You knew the following spells:

 Your Spells              Type           Power      Damage    Failure   Level
a - Foxfire               Conj/Fire      100%       2x1d9     2%          1

Your spell library contained the following spells:

 Spells                   Type           Power      Damage    Failure   Level
 Conjure Flame            Conj/Fire      31%        6-21      8%          3
 Freeze                   Ice            16%        1d4       11%         1
 Passwall                 Tmut/Erth      7%         N/A       11%         2
 Ignite Poison            Fire/Tmut/Pois 22%        N/A       13%         3
 Inner Flame              Hex/Fire       21%        N/A       14%         3
 Mephitic Cloud           Conj/Pois/Air  12%        N/A       16%         3
 Sticky Flame             Conj/Fire      31%        2d5       24%         4
 Frozen Ramparts          Ice            8%         1d2       32%         3
 Swiftness                Air            4%         N/A       32%         3
 Hailstorm                Conj/Ice       11%        3d5       52%         4
 Fireball                 Conj/Fire      15%        3d8       56%         5
 Bolt of Magma            Conj/Fire/Erth 13%        4d8       65%         5
 Invisibility             Hex            2%         N/A       100%        6


Dungeon Overview and Level Annotations

Branches:
Dungeon (5/15)
 Temple: D:4-7

Altars:

Shops:
D:2 ?

Annotations:
D:5 Eustachio


Message History

The bat barely misses you.
The foxfire hits the bat.
You kill the bat!
The bat's corpse disappears in a puff of smoke!
The bat hits you but does no damage. The quasit closely misses you. x2
The quasit claws you.
You feel clumsy. The shadow imp gestures at you.
You struggle to resist.
The river rat closely misses you.
The crimson imp shouts, "Slither hence, thou foisting spur-galled gudgeon!"
The bat closely misses you. The bat hits you.
The river rat completely misses you. The crimson imp completely misses you.
The bat completely misses you.
Eustachio mumbles some strange words.
Eustachio blinks!
The river rat misses you. The bat closely misses you.
The crimson imp completely misses you.
The quasit closely misses you. x2; The quasit completely misses you.
You hit the quasit but do no damage. The bat hits you.
The bat hits you but does no damage. The quasit closely misses you.
The quasit claws you but does no damage. x2
The crimson imp closely misses you. The quasit misses you.
The quasit claws you.
You feel clumsy. The quasit closely misses you.
The river rat bites you but does no damage.
The bat hits you. The crimson imp hits you.
The quasit disappears in a puff of smoke!
The shadow imp completely misses you.
Eustachio gestures wildly while chanting.
Eustachio blinks!
The crimson imp completely misses you.
You hit the shadow imp but do no damage.
The shadow imp is severely wounded.
The bat closely misses you. The river rat bites you!
* * * LOW HITPOINT WARNING * * *
The rat barely misses you. The shadow imp barely misses you.
The crimson imp sputters.
The crimson imp misses you. The bat completely misses you.
It was a potion of magic.
Magic courses through your body. The bat barely misses you.
The river rat bites you!
You die...

.. ..####.
....... ..>.###
#.....## .
#######.#.......
#.........##....
#....b@.......#
#....5rr..####
#.....o5..#
#..<......#
#.........#
#####.#.##..#
#ยง........##
#####..####
....$


You could see a crimson imp (summoned), a river rat (summoned), a shadow imp
(summoned), an orc, a bat (summoned) and a rat (summoned).

Vanquished Creatures
  An ogre (D:4)
  A scorpion (D:4)
  10 adders
  A white imp (D:4)
  An ufetubus (D:3)
  3 dart slugs
  3 worms
  6 orcs
  9 ball pythons
  3 bats
  3 endoplasms
  A giant cockroach (D:1)
  14 goblins
  11 hobgoblins
  4 jackals
  4 quokkas
  A frilled lizard (D:1)
  8 kobolds
  7 rats
91 creatures vanquished.

Vanquished Creatures (others)
  405 foxfires
405 creatures vanquished.

Grand Total: 496 creatures vanquished

Notes
Turn   | Place    | Note
-------+----------+-------------------------------------------
     0 | D:1      | Descartes the Deep Elf Fire Elementalist began the quest
                  | for the Orb.
     0 | D:1      | Reached XP level 1. HP: 10/10 MP: 6/6
   315 | D:1      | Reached XP level 2. HP: 15/15 MP: 2/8
  1241 | D:2      | Reached XP level 3. HP: 16/19 MP: 4/9
  1479 | D:2      | Found a faded altar of an unknown god.
  1499 | D:2      | Found Zitheinu's Magic Scroll Shop.
  1691 | D:2      | Reached skill level 1 in Poison Magic
  1716 | D:2      | Reached XP level 4. HP: 24/24 MP: 5/11
  2121 | D:3      | Reached skill level 1 in Earth Magic
  3304 | D:3      | Reached XP level 5. HP: 28/28 MP: 8/12
  4378 | D:4      | Noticed an ogre
  4383 | D:4      | Killed an ogre
  4384 | D:4      | Reached XP level 6. HP: 32/32 MP: 8/14
  4946 | D:5      | Entered Level 5 of the Dungeon
  4953 | D:5      | Noticed Eustachio
  4972 | D:5      | Mangled by a river rat

Illustrated notes

Levels and vault maps discovered:
D:1:      lemuel_arrival_funnel, layout_basic, minmay_misc_feat_hallway,
          minmay_unequal
D:2:      layout_rooms, hellmonk_ecumenical_altar_heavens_door, serial_shops,
          nicolae_shop_crystal
D:3:      wad_crossroads, layout_basic
D:4:      kennysheep_six_static_rooms, layout_basic, grunt_decor_resistance
D:5:      layout_rooms, uniq_duvessa, uniq_blork_the_orc, uniq_eustachio,
          uniq_prince_ribbit1, uniq_ijyb

Skill      XL: |  1  2  3  4  5  6 |
---------------+-------------------+-----
Dodging        | 3 |  3.9
Stealth        | 3 4 |  4.0
Poison Magic   | 1 2 |  2.4
Conjurations   | 2 |  2.9
Earth Magic    | 1 |  1.9
Fire Magic     | 4 |  4.2
Spellcasting   | 4 |  4.3

Action                   |  1- 3 |  4- 6 || total
-------------------------+-------+-------++-------
Melee: Staff             |       |     3 ||     3
 Cast: Foxfire           |    94 |   156 ||   250
  Use: Potion            |       |     1 ||     1
Armor: Robe              |     1 |     8 ||     9
Dodge: Dodged            |     5 |    48 ||    53
